 Dungeon Crawl Stone Soup version 0.29-a0-676-ga64570c9d2 (webtiles) character file.

Game seed: 4191417167463381886

88 DocClef the Shield-Bearer (level 4, -2/41 HPs)
             Began as a Gnoll Fighter on June 24, 2022.
             Slain by a goblin
             ... wielding a +0 dagger
             ... led by Robin
              (5 damage)
             ... on level 2 of the Dungeon.
             The game lasted 00:01:17 (1762 turns).

DocClef the Shield-Bearer (Gnoll Fighter)           Turns: 1762, Time: 00:01:17

Health: -2/41      AC: 14    Str: 17    XL:     4   Next: 53%
Magic:  5/5        EV:  9    Int:  7    God:
Gold:   93         SH:  5    Dex: 12    Spells: 5/5 levels left

rFire   . . .      SeeInvis .   h - +1 flail (protect)
rCold   . . .      Faith    .   c - +0 buckler
rNeg    . . .      Spirit   .   b - +0 scale mail
rPois   .          Reflect  .   (no helmet)
rElec   .          Harm     .   (no cloak)
rCorr   .          Rampage  .   (no gloves)
Will    .....                   (no boots)
Stlth   ..........              (no amulet)
HPRegen 0.13/turn               (no ring)
MPRegen 0.09/turn               (no ring)

@: mighty, under a protective aura
A: fangs 1, strong nose, distributed training
a: no special abilities


You were on level 2 of the Dungeon.
You visited 1 branch of the dungeon, and saw 2 of its levels.

You collected 93 gold pieces.

Inventory:

Hand Weapons
 a - a +0 flail
 h - a +1 flail of protection (weapon)
Armour
 b - a +0 scale mail (worn)
 c - a +0 buckler (worn)
Scrolls
 e - a scroll of poison {unknown}
 f - 3 scrolls of identify {unknown}


   Skills:
 + Level 6.6 Fighting
 + Level 1.2 Short Blades
 + Level 1.2 Long Blades
 + Level 1.2 Axes
 + Level 4.6 Maces & Flails
 + Level 1.2 Polearms
 + Level 1.2 Staves
 + Level 1.2 Slings
 + Level 1.2 Bows
 + Level 1.2 Crossbows
 + Level 1.2 Throwing
 + Level 6.6 Armour
 + Level 1.2 Dodging
 + Level 1.2 Stealth
 + Level 6.6 Shields
 + Level 1.2 Unarmed Combat
 + Level 1.2 Spellcasting
 + Level 1.0 Conjurations
 + Level 1.0 Hexes
 + Level 1.0 Summonings
 + Level 1.0 Necromancy
 + Level 1.0 Translocations
 + Level 1.0 Transmutations
 + Level 1.0 Fire Magic
 + Level 1.0 Ice Magic
 + Level 1.0 Air Magic
 + Level 1.0 Earth Magic
 + Level 1.0 Poison Magic
 + Level 1.3 Invocations
 + Level 1.2 Evocations


You had 5 spell levels left.
You didn't know any spells.
Your spell library was empty.

Dungeon Overview and Level Annotations

Branches:
Dungeon (2/15)

Altars:

Annotations:
D:2 Robin


Innate Abilities, Weirdness & Mutations

You have very sharp teeth.
Your uncanny sense of smell can sniff out nearby items.
Your experience applies equally to all skills.


Message History

Robin roars a battlecry!
The goblins go into a battle-frenzy!
You block the kobold's attack. The goblin closely misses you.
The hobgoblin closely misses you.
You sock the hobgoblin!
You kill the hobgoblin!
Robin throws the goblin at you! You block the hobgoblin's attack.
The kobold hits you but does no damage. The goblin hits you but does no damage.
You block the goblin's attack. The goblin closely misses you.
Your Conjurations skill increases to level 1!
Your Hexes skill increases to level 1!
Your Summonings skill increases to level 1!
Your Necromancy skill increases to level 1!
Your Translocations skill increases to level 1!
Your Transmutations skill increases to level 1!
Your Fire Magic skill increases to level 1!
Your Ice Magic skill increases to level 1!
Your Air Magic skill increases to level 1!
Your Earth Magic skill increases to level 1!
Your Poison Magic skill increases to level 1!
You barely miss the goblin. The hobgoblin barely misses you.
You block the kobold's attack. The goblin hits you with a +0 club.
* * * LOW HITPOINT WARNING * * *
The goblin hits you with a +0 dagger.
* * * LOW HITPOINT WARNING * * *
The goblin barely misses you. The hobgoblin closely misses you.
You block the goblin's attack. The goblin closely misses you. x2
Robin zaps a wand.
Some rock shatters into small pieces.
The kobold closely misses you.
You closely miss the goblin. The goblin barely misses you.
The kobold hits you but does no damage. The goblin hits you but does no damage.
The goblin closely misses you.
The hobgoblin hits you but does no damage.
Unknown command.
You thump the goblin!
You kill the goblin!
The hobgoblin barely misses you. The kobold barely misses you.
The goblin hits you but does no damage. Robin throws the goblin at you!
The goblin hits you with a +0 dagger.
You die...

##...####.#.#.#
...........##.
#...#.#
#..........#
#.....#
#...........
##..#.#
#..........#
#...#.#
#........).#
##..#.#
#........!S#####.#
##.#.#
#........gg..##.#
#...##
#......gK@g.#
#.#.# #.)...
#).....#.##.#
#.#.# #...#.
#.....#.# #.#
#.#.# #...#.
##....##. #.#
#.#.# #...#. #....
#.#.###.#.###.....
#$...
#...........#.>..
#....
#####......#....
..... #......#....
##..........


You could see Robin, an adder, a hobgoblin (strong), 2 goblins and a kobold.

Vanquished Creatures
  3 gnolls (D:2)
  2 worms (D:2)
  A dart slug (D:1)
  An endoplasm (D:1)
  2 giant cockroaches
  12 goblins
  6 hobgoblins
  2 jackals (D:1)
  A quokka (D:1)
  5 ball pythons
  3 bats
  6 frilled lizards
  3 kobolds (D:1)
  A rat (D:1)
48 creatures vanquished.

Notes
Turn   | Place    | Note
-------+----------+-------------------------------------------
     0 | D:1      | DocClef the Gnoll Fighter began the quest for the Orb.
     0 | D:1      | Reached XP level 1. HP: 23/23 MP: 1/1
    94 | D:1      | Reached XP level 2. HP: 29/29 MP: 2/2
   529 | D:1      | Reached XP level 3. HP: 35/35 MP: 3/3
   761 | D:1      | Found a faded altar of an unknown god.
  1191 | D:2      | Reached skill level 1 in Invocations
  1200 | D:2      | Reached skill level 1 in Short Blades
  1200 | D:2      | Reached skill level 1 in Long Blades
  1200 | D:2      | Reached skill level 1 in Axes
  1200 | D:2      | Reached skill level 1 in Polearms
  1200 | D:2      | Reached skill level 1 in Staves
  1200 | D:2      | Reached skill level 1 in Slings
  1200 | D:2      | Reached skill level 1 in Bows
  1200 | D:2      | Reached skill level 1 in Crossbows
  1200 | D:2      | Reached skill level 1 in Throwing
  1200 | D:2      | Reached skill level 1 in Dodging
  1200 | D:2      | Reached skill level 1 in Stealth
  1200 | D:2      | Reached skill level 1 in Unarmed Combat
  1200 | D:2      | Reached skill level 1 in Spellcasting
  1200 | D:2      | Reached skill level 1 in Evocations
  1206 | D:2      | Reached XP level 4. HP: 11/41 MP: 5/5
  1737 | D:2      | Noticed Robin
  1760 | D:2      | Reached skill level 1 in Conjurations
  1760 | D:2      | Reached skill level 1 in Hexes
  1760 | D:2      | Reached skill level 1 in Summonings
  1760 | D:2      | Reached skill level 1 in Necromancy
  1760 | D:2      | Reached skill level 1 in Translocations
  1760 | D:2      | Reached skill level 1 in Transmutations
  1760 | D:2      | Reached skill level 1 in Fire Magic
  1760 | D:2      | Reached skill level 1 in Ice Magic
  1760 | D:2      | Reached skill level 1 in Air Magic
  1760 | D:2      | Reached skill level 1 in Earth Magic
  1760 | D:2      | Reached skill level 1 in Poison Magic
  1762 | D:2      | Slain by a goblin

Illustrated notes

Levels and vault maps discovered:
D:1:      eino_arrival_cavern_d, layout_basic, shapermc_ecumenical_altar_venn
D:2:      layout_basic, fountainhead, dreamdust_princess_bridge,
          hex_intersection, minmay_lizard_pond, uniq_robin

Skill      XL: |  1  2  3  4 |
---------------+-------------+-----
Invocations    | 1 |  1.3
Short Blades   | 1 |  1.2
Long Blades    | 1 |  1.2
Axes           | 1 |  1.2
Polearms       | 1 |  1.2
Staves         | 1 |  1.2
Slings         | 1 |  1.2
Bows           | 1 |  1.2
Crossbows      | 1 |  1.2
Throwing       | 1 |  1.2
Dodging        | 1 |  1.2
Stealth        | 1 |  1.2
Unarmed Combat | 1 |  1.2
Spellcasting   | 1 |  1.2
Evocations     | 1 |  1.2
Conjurations   | 1 |  1.0
Hexes          | 1 |  1.0
Summonings     | 1 |  1.0
Necromancy     | 1 |  1.0
Translocations | 1 |  1.0
Transmutations | 1 |  1.0
Fire Magic     | 1 |  1.0
Ice Magic      | 1 |  1.0
Air Magic      | 1 |  1.0
Earth Magic    | 1 |  1.0
Poison Magic   | 1 |  1.0
Fighting       | |  6.6
Maces & Flails | |  4.6
Armour         | |  6.6
Shields        | |  6.6

Action                   |  1- 3 |  4- 6 || total
-------------------------+-------+-------++-------
Melee: Flail             |   105 |    67 ||   172
       Bite              |    11 |     4 ||    15
  Use: Potion            |       |     2 ||     2
Armor: Scale mail        |    36 |    68 ||   104
Dodge: Dodged            |    57 |    70 ||   127
Block: Buckler           |    36 |    41 ||    77

Table legend: (Time is in decaauts)
 A = Elapsed time spent in this place.
 B = Non-inter-level travel time spent in this place.
 C = Inter-level travel time spent in this place.
 D = Time resting spent in this place.
 E = Time spent auto-exploring this place.
 F = Levels seen in this place.
 G = Mean time per level.
                   A        B        C        D        E       F      G
               +--------+--------+--------+--------+--------+-----+--------+
         Total |   1796 |   1735 |     61 |    229 |   1186 |   2 |  898.0 |
       Dungeon |   1796 |   1735 |     61 |    229 |   1186 |   2 |  898.0 |
               +--------+--------+--------+--------+--------+-----+--------+

Top non-repeatable levels by time:
     D:1: 1053 daAuts
     D:2: 742 daAuts
